 Dungeon Crawl Stone Soup version 0.29.1-1-gd02db69 (webtiles) character file.

Game seed: 7262577422163207100

5040 Kel the Fighter (level 10, -3/67 HPs)
             Began as a Gargoyle Fighter on Nov 23, 2022.
             Was a Believer of Qazlal.
             Shot with an arrow by a centaur warrior (11 damage)
             ... on level 9 of the Dungeon.
             The game lasted 00:15:15 (6820 turns).

Kel the Fighter (Gargoyle Fighter)                  Turns: 6820, Time: 00:15:17

Health: -3/67      AC: 13    Str: 21    XL:     10   Next: 55%
Magic:  10/10      EV:  7    Int: 20    God:    Qazlal [**....]
Gold:   426        SH:  2    Dex: 13    Spells: 9/9 levels left

rFire   . . .      SeeInvis .   H - +2 battleaxe
rCold   . . .      Faith    .   (shield currently unavailable)
rNeg    + . .      Spirit   .   A - +0 plate armour
rPois   ∞          Reflect  .   k - +2 helmet
rElec   +          Harm     .   e - +2 cloak
rCorr   .          Rampage  .   g - +0 pair of gloves
Will    .....                   (no boots)
Stlth   ..........              b - amulet of regeneration
HPRegen 1.01/turn               l - +6 ring of intelligence
MPRegen 0.12/turn               n - +6 ring of intelligence

@: corroded, very slow
A: sickness immunity, AC +7, negative energy resistance 1, electricity
resistance, torment resistance 1, petrification resistance
a: Renounce Religion, Upheaval


You were on level 9 of the Dungeon.
You worshipped Qazlal.
Qazlal was pleased with you.
You visited 2 branches of the dungeon, and saw 10 of its levels.

You collected 426 gold pieces.

Inventory:

Hand Weapons
 B - a +3 quarterstaff of chaos
 H - a +2 battleaxe (weapon)
 N - a +5 hand axe
Armour
 c - a +0 buckler
 e - a +2 cloak (worn)
 g - a +0 pair of gloves (worn)
 k - a +2 helmet (worn)
 A - a +0 plate armour (worn)
Jewellery
 b - an amulet of regeneration (around neck)
 f - an amulet of magic regeneration
 l - a +6 ring of intelligence (left hand)
 n - a +6 ring of intelligence (right hand)
 z - a +6 ring of intelligence
 D - an amulet of faith
 G - a ring of ice
Wands
 a - a wand of flame (8)
 s - a wand of digging (6)
 E - a wand of acid (9)
 F - a wand of charming (9)
 O - a wand of roots (2)
Scrolls
 h - 3 scrolls of teleportation {unknown}
 o - a scroll of silence {unknown}
 p - a scroll of vulnerability {unknown}
 r - 3 scrolls of magic mapping {unknown}
 t - a scroll of fear {unknown}
 v - a scroll of poison {unknown}
 w - 2 scrolls of butterflies {unknown}
 x - 3 scrolls of blinking
 y - 8 scrolls of identify {unknown}
 I - a scroll of noise {unknown}
 K - a scroll of summoning {unknown}
 L - a scroll of enchant armour {unknown}
 M - a scroll of enchant weapon {unknown}
Potions
 d - 3 potions of might
 i - 2 potions of cancellation {unknown}
 j - a potion of resistance {unknown}
 m - a potion of degeneration {unknown}
 q - 7 potions of curing {unknown}
 u - a potion of haste {unknown}
 C - a potion of flight {unknown}
 J - a potion of mutation {unknown}


   Skills:
 + Level 9.7 Fighting
 + Level 7.8 Axes
 + Level 9.6 Armour
 - Level 6.9 Shields


You had 9 spell levels left.
You didn't know any spells.
Your spell library contained the following spells:

 Spells                   Type           Power      Damage    Failure   Level
 Call Canine Familiar     Summ           0%         N/A       100%        3
 Portal Projectile        Hex/Tloc       0%         N/A       100%        3
 Leda's Liquefaction      Hex/Erth       0%         N/A       100%        4


Dungeon Overview and Level Annotations

Branches:
Dungeon (9/15)             Temple (1/1) D:4
   Lair: D:8-11         Orc: D:9-12

Altars:
Dithmenos
Elyvilon
Fedhas
Gozag
Hepliaklqana
Kikubaaqudgha
Nemelex Xobeh
Qazlal
Ru
Vehumet
Wu Jian
Yredelemnul
The Shining One

Shops:
D:7 [


Innate Abilities, Weirdness & Mutations

You are immune to sickness and miasma.
Your stone body is resilient. (AC +7)
You are immune to poison.
You resist negative energy. (rN+)
You are resistant to electric shocks. (rElec)
You are resistant to unholy torment.
You are immune to petrification.


Message History

The brown ugly thing punches you! The acid corrodes you!
You are splashed with acid!
You are too injured to fight recklessly!
You closely miss the brown ugly thing.
The brown ugly thing is severely wounded.
The brown ugly thing punches you but does no damage.
You slash the brown ugly thing!
The brown ugly thing is almost dead.
The brown ugly thing punches you but does no damage.
You barely miss the brown ugly thing.
The brown ugly thing is almost dead.
The brown ugly thing punches you. The acid corrodes you!
You are splashed with acid!
* * * LOW HITPOINT WARNING * * *
The brown ugly thing punches you but does no damage.
Blink to where?
Press: ? - help, Dir - move target
As you read the scroll labelled CISMEA DINGA, it crumbles to dust.
It was a scroll of blinking.
The brown ugly thing attacks as you move away!
The brown ugly thing punches you but does no damage.
The brown ugly thing attacks as you move away!
The brown ugly thing completely misses you.
The brown ugly thing attacks as you move away!
The brown ugly thing punches you. The acid corrodes you!
You are splashed with acid!
* * * LOW HITPOINT WARNING * * *
Things that are here:
a +0 war axe; a +0 robe You enter the shallow water.
Moving in this stuff is going to be slow.
The brown ugly thing punches you but does no damage.
The brown ugly thing attacks as you move away!
The brown ugly thing punches you.
* * * LOW HITPOINT WARNING * * *
You are splashed with acid!
* * * LOW HITPOINT WARNING * * *
The centaur warrior wields a +0 longbow.
The centaur warrior shoots an arrow.
The arrow hits you!
You die...

♣
♣(♣♣♣...♣.).♣...♣♣♣.♣.♣.#..#
# ###
#################.###..#
....#.♣)♣.#..#### ###
#.♣.#..♣..#......
+=.c#.♣..c....#...###
#.T'§♣.#..♣..#...###
####T..#.♣.♣.#...... ######
########.###..###.
~~~.♣♣♣@♣♣♣ ♣♣.♣♣#..# #.
♣P~♣P~♣~u♣#♣...♣#..# #<
♣♣~P♣~P♣.c).T....#..# ##
♣~≈~~♣♣♣♣≈♣♣♣...♣#..# ♣♣~.♣♣
♣≈♣ ♣♣.♣♣#..#
#####...#############..#
........................####
.....................>......
##############...####...###.


You could see a brown ugly thing, a centaur warrior and a troll.

Vanquished Creatures
  A tengu conjurer (D:9)
  A kobold demonologist (D:9)
  Grinder (D:2)
  A slime creature (D:8)
  2 wraiths
  2 yaks (D:9)
  A wyvern (D:9)
  Menkaure (D:5)
  2 steam dragons
  2 water moccasins
  Pargi (D:3)
  An orc warrior (D:8)
  2 ice beasts
  An ogre (D:6)
  2 phantoms
  2 centaurs
  A kobold brigand (D:8)
  4 bullfrogs
  A necrophage (D:5)
  5 scorpions
  5 wights
  6 electric eels (D:8)
  4 hounds
  2 jellies
  Crazy Yiuf (D:5)
  5 orc priests
  2 gnoll boudas
  An iguana (D:4)
  Ijyb (D:3)
  4 orc wizards
  A scorpion zombie (D:4)
  A hound zombie (D:4)
  7 gnolls
  5 adders
  2 shadow imps (D:8)
  3 white imps (D:8)
  4 ufetubi
  2 dart slugs
  16 orcs
  10 endoplasms
  5 giant cockroaches
  6 goblins
  8 hobgoblins
  3 jackals (D:1)
  18 kobolds
  3 quokkas
  7 ball pythons
  5 bats
  9 rats
180 creatures vanquished.

Vanquished Creatures (others)
  A human (D:3)
  3 demonic plants (D:8)
  3 fungi (D:5)
  9 plants
16 creatures vanquished.

Grand Total: 196 creatures vanquished

Notes
Turn   | Place    | Note
-------+----------+-------------------------------------------
     0 | D:1      | Kel the Gargoyle Fighter began the quest for the Orb.
     0 | D:1      | Reached XP level 1. HP: 14/14 MP: 1/1
   238 | D:1      | Reached XP level 2. HP: 19/19 MP: 2/2
   559 | D:1      | Reached XP level 3. HP: 23/23 MP: 3/3
   665 | D:1      | Found a faded altar of an unknown god.
  1255 | D:2      | Reached XP level 4. HP: 29/29 MP: 4/4
  1683 | D:3      | Noticed Grinder
  1733 | D:2      | Killed Grinder
  1734 | D:2      | Reached XP level 5. HP: 16/34 MP: 5/5
  1734 | D:2      | Reached XP level 6. HP: 18/39 MP: 6/6
  1782 | D:3      | Identified the +3 leather armour "Udiecak" {rF+ rN+ Str+4
                  | Int-3}
  1799 | D:3      | Noticed Pargi
  1829 | D:3      | Killed Pargi
  1830 | D:3      | Reached skill level 5 in Fighting
  2077 | D:3      | Noticed Ijyb
  2084 | D:3      | Killed Ijyb
  2171 | D:3      | Found an ancient bone altar of Kikubaaqudgha.
  2172 | D:3      | Noticed a human
  2174 | D:3      | Killed a human
  2419 | D:4      | Reached skill level 5 in Armour
  2419 | D:4      | Reached skill level 5 in Shields
  2419 | D:4      | Reached XP level 7. HP: 28/44 MP: 7/7
  2566 | D:4      | Found a hazy altar of Hepliaklqana.
  2587 | D:4      | You fall into a shaft and drop 1 floor!
  2587 | D:5      | Entered Level 5 of the Dungeon
  2679 | D:5      | Noticed Menkaure
  2688 | D:5      | Killed Menkaure
  2689 | D:5      | Reached XP level 8. HP: 51/51 MP: 8/8
  2998 | D:4      | Found a staircase to the Ecumenical Temple.
  3247 | Temple   | Entered the Ecumenical Temple
  3261 | Temple   | Became a worshipper of Qazlal Stormbringer
  3575 | D:4      | Reached skill level 5 in Axes
  3586 | D:4      | Found a basalt altar of Yredelemnul.
  4006 | D:5      | Found a runed translucent door.
  4009 | D:5      | Noticed Crazy Yiuf
  4180 | D:5      | Killed Crazy Yiuf
  4485 | D:6      | Reached XP level 9. HP: 57/57 MP: 9/9
  4706 | D:6      | Reached * piety under Qazlal
  5378 | D:7      | Found Reitwyeba's Armour Emporium.
  6035 | D:8      | Reached XP level 10. HP: 62/65 MP: 10/10
  6367 | D:8      | Reached ** piety under Qazlal
  6457 | D:8      | Found an ornate altar of the Wu Jian Council.
  6679 | D:9      | Noticed a kobold demonologist
  6687 | D:9      | Killed a kobold demonologist
  6791 | D:9      | Noticed a brown ugly thing
  6791 | D:9      | Noticed a centaur warrior
  6820 | D:9      | Shot with an arrow by a centaur warrior

Illustrated notes

Levels and vault maps discovered:
D:1:      saegor_arrival_simple_c, layout_loops_ring,
          shapermc_ecumenical_altar_ellora, kennysheep_small_spiral
D:2:      layout_basic, kennysheep_cross_room, kennysheep_generic_room_2
D:3:      layout_loops_cross, tgw_kikubaaqudgha, uniq_grinder, uniq_pargi,
          uniq_ijyb
D:4:      layout_basic, lemuel_zombie_altar_yredelemnul, temple_fountains,
          minmay_ruined_shrine
D:5:      layout_loops_ring, portal_sewer_entry_d, uniq_menkaure,
          uniq_crazy_yiuf_cottage
D:6:      layout_basic, hangedman_decor_riveting
D:7:      layout_basic, serial_shops, nicolae_shop_crystal,
          kennysheep_generic_room_6
D:8:      cheibrodos_two_vegetables, layout_rooms,
          pdpol_wu_jian_five_deadly_venoms, serial_demonic, serial_demonic_g,
          serial_demonic_e, serial_demonic_e, serial_demonic_a
D:9:      nzn_winding_woodlands_medium [nzn_winding_woodlands_5x5_three,
          nzn_winding_woodlands_5x15_twine,
          nzn_winding_woodlands_5x5_checkerboard,
          nzn_winding_woodlands_5x5_cross, nzn_winding_woodlands_center_lodge,
          nzn_winding_woodlands_hourglass,
          nzn_winding_woodlands_5x5_closed_star,
          nzn_winding_woodlands_5x15_lazy_stream,
          nzn_winding_woodlands_5x5_open_star], layout_basic,
          minmay_misc_feat_encased, lightli_orcish_oven
Temple:   nicolae_temple_bog_church

Skill      XL: |  1  2  3  4  5  6  7  8  9 10 |
---------------+-------------------------------+-----
Axes           | 2 3 4 5 7 |  7.8
Fighting       | 4 5 6 7 8 9 |  9.7
Armour         | 4 5 6 8 9 |  9.6
Shields        | 4 5 6 |  6.9

Action                   |  1- 3 |  4- 6 |  7- 9 | 10-12 || total
-------------------------+-------+-------+-------+-------++-------
Melee: War axe           |   112 |   113 |   279 |       ||   504
       Battleaxe         |       |       |    96 |    91 ||   187
  Use: Potion            |       |       |     1 |       ||     1
       Scroll            |       |       |       |     1 ||     1
 Stab: Invisible         |       |       |     2 |       ||     2
Armor: Chain mail        |    78 |   104 |    96 |       ||   278
       Scale mail        |     2 |       |       |       ||     2
       Plate armour      |       |       |   264 |    95 ||   359
Dodge: Dodged            |    41 |    58 |   162 |    34 ||   295
Block: Buckler           |    21 |    44 |    86 |       ||   151
       Other             |       |       |     7 |    10 ||    17
